AoeStats
← crypto_zhupel

Socotra

504265259Analyzed
2v2 RM · 26d ago on Sep 4, 2026· 57m 48s· 4 players
Game mode
Random Map
Map size
Tiny (2 player)
Population
200
Speed
Normal
Resources
Standard
Victory
Conquest
Starting age
Dark Age
Ending age
Imperial Age
RankedLock teamsTeams togetherTeam positionsShared explorationLock speedFull tech treeHidden civsTurbo modeCheats
Victory
Defeat
🇨🇱 Vikings · Chile
1350
+18
🇨🇱 Saracens · Chile
1339
+18
🇷🇺 Spanish · Russia
1400
-18
🇷🇺 Saracens · Russia
1377
-18
Druminado
2:39 Loom
12:13 Feudal Age
12:50 Double-Bit Axe
12:48 Horse Collar
15:52 Fletching
16:53 Padded Archer Armor
24:21 Castle Age
22:20 Man-at-Arms
22:57 Stone Mining
22:59 Gold Mining
24:00 Scale Mail Armor
24:11 Forging
24:30 Crossbowman
25:16 Squires
25:25 Heavy Plow
25:38 Bow Saw
25:49 Long Swordsman
27:29 Elite Skirmisher
29:39 Gambesons
30:22 Bodkin Arrow
30:42 Leather Archer Armor
31:59 Ballistics
31:54 Town Watch
35:01 Chain Mail Armor
35:22 Iron Casting
38:56 Imperial Age
37:06 Gold Shaft Mining
39:02 Chain Mail Armor
39:24 Iron Casting
39:04 Stone Mining
39:17 Chieftains
40:28 Arbalester
42:01 Plate Mail Armor
41:33 Bracer
44:03 Two-Handed Swordsman
44:29 Arson
48:00 Elite Berserk
49:01 Conscription
49:09 Champion
50:51 Blast Furnace
53:03 Chemistry
ISRA10
9:09 Loom
11:45 Feudal Age
12:55 Double-Bit Axe
15:41 Fletching
16:19 Town Watch
17:41 Padded Archer Armor
20:52 Horse Collar
27:45 Castle Age
27:14 Stone Mining
27:15 Gold Mining
29:01 Wheelbarrow
29:57 Hand Cart
30:13 Bow Saw
29:32 Crossbowman
32:21 Bodkin Arrow
38:27 Imperial Age
36:05 Light Cavalry
37:42 Gold Shaft Mining
38:34 Scale Barding Armor
38:39 Forging
39:28 Conscription
39:37 Bloodlines
40:19 Chain Barding Armor
40:45 Husbandry
41:46 Plate Barding Armor
43:09 Iron Casting
45:50 Blast Furnace
50:33 Bracer
50:49 Leather Archer Armor
51:23 Elite Skirmisher
53:23 Ring Archer Armor
53:26 Light Cavalry
55:35 Chemistry
56:14 Ballistics
youteGG_mangoneluser
0:59 Loom
13:06 Feudal Age
13:09 Man-at-Arms
14:33 Double-Bit Axe
18:22 Fletching
21:27 Padded Archer Armor
26:27 Castle Age
26:56 Horse Collar
27:20 Bodkin Arrow
26:48 Elite Skirmisher
29:49 Town Watch
34:08 Bow Saw
34:21 Leather Archer Armor
38:44 Imperial Age
36:57 Wheelbarrow
37:18 Gold Mining
37:48 Heavy Plow
38:29 Ballistics
38:58 Onager
42:23 Chemistry
42:46 Hand Cart
44:53 Conscription
46:36 Ring Archer Armor
46:08 Bracer
46:47 Ring Archer Armor
46:35 Arrowslits
47:18 Scale Mail Armor
48:44 Hoardings
crypto_zhupel
0:49 Loom
14:02 Feudal Age
15:43 Fletching
19:34 Padded Archer Armor
21:59 Double-Bit Axe
24:47 Castle Age
25:24 Bodkin Arrow
24:53 Elite Skirmisher
25:52 Leather Archer Armor
27:53 Bow Saw
27:39 Horse Collar
30:04 Heavy Plow
32:25 Wheelbarrow
34:29 Hand Cart
33:59 Town Watch
37:28 Ballistics
37:11 Stone Mining
39:52 Imperial Age
37:43 Gold Mining
39:21 Crossbowman
40:11 Thumb Ring
40:35 Masonry
40:05 Arbalester
41:31 Bracer
42:24 Conscription
44:31 Chemistry
43:37 Siege Engineers
47:55 Chemistry
49:01 Ring Archer Armor
52:37 Scale Mail Armor
52:00 Pikeman
52:40 Squires
53:45 Two-Man Saw
54:11 Chain Mail Armor
Connection lost

Rejoining the realm…

Still unreachable

The connection could not be restored.

Session expired

The server has moved on; the page needs a fresh start.